 Dungeon Crawl Stone Soup version 0.17-a0-1636-g3119f2b (webtiles) character file.

123 ithil the Cudgeler (level 4, -2/40 HPs)
             Began as a Draconian Berserker on Aug 6, 2015.
             Was a Priest of Trog.
             Slain by Sigmund
             ... wielding a +0 scythe
              (11 damage)
             ... on level 3 of the Dungeon.
             The game lasted 00:20:34 (2642 turns).

ithil the Cudgeler (Draconian Berserker)            Turns: 2642, Time: 00:20:34

Health: -2/40      AC:  5    Str: 20    XL:     4   Next: 80%
Magic:  4/4        EV: 13    Int:  8    God:    Trog [***...]
Gold:   218        SH:  0    Dex: 10    Spells: 0 memorised, 3 levels left

rFire  . . .     SeeInvis .     a - +0 mace
rCold  . . .     Clarity  .     (armour unavailable)
rNeg   . . .     SustAt   .     (no shield)
rPois  .         Gourm    .     j - +0 hat
rElec  .         Spirit   .     (no cloak)
rCorr  .         Warding  .     (no gloves)
rMut   .         Stasis   .     (no boots)
MR     .....                    (no amulet)
Stlth  +.........               (no ring)
                                (no ring)

@: not resistant to hostile enchantments, very unstealthy
A: unfitting armour, cold-blooded, AC +5
a: Burn Spellbooks, Berserk, Trog's Hand, Renounce Religion


You were on level 3 of the Dungeon.
You worshipped Trog.
Trog was most pleased with you.
You were not hungry.

You visited 1 branch of the dungeon, and saw 3 of its levels.

You collected 218 gold pieces.

Inventory:

Hand weapons
 a - a +0 mace (weapon)
 d - a +0 whip
 g - a +0 club
 k - a +0 whip
 u - a +0 whip
 w - a +0 hand crossbow
 C - a +0 dagger
Missiles
 e - 52 stones (quivered)
 h - 28 sling bullets
 n - a throwing net
 s - 14 arrows
Armour
 i - a +0 robe
 j - a +0 hat (worn)
 o - a +0 chain mail
Jewellery
 m - an uncursed ring of wizardry
Magical devices
 y - a wand of draining (4)
Scrolls
 f - a scroll of remove curse
 p - a scroll of enchant armour {unknown}
 r - 4 scrolls of identify
 t - a scroll of amnesia {unknown}
 A - a scroll of recharging {unknown}
Potions
 l - a potion of heal wounds {unknown}
 q - a potion of flight {unknown}
 v - a potion of ambrosia
 x - a potion of brilliance {unknown}
 B - a potion of cancellation {unknown}
Comestibles
 b - 5 bread rations
 z - 2 chunks of flesh


   Skills:
 + Level 3.9 Fighting
 + Level 4.0 Maces & Flails
 + Level 0.1 Throwing
 + Level 3.9 Dodging


You had 3 spell levels left.
You didn't know any spells.

Dungeon Overview and Level Annotations

Branches:
Dungeon (3/15)

Altars:
Ashenzari
Sif Muna

Annotations:
D:3 Sigmund


Innate Abilities, Weirdness & Mutations

Your plain brown scales are hard (AC +5).
Your body does not fit into most forms of armour.
You are cold-blooded and may be slowed by cold attacks.


Message History

Sigmund closely misses you.
There is a stone staircase leading down here.
You feel better. Sigmund completely misses you.
Sigmund is no longer unusually agile.
Sigmund points at you and mumbles some strange words.
The puff of flame hits you!
Sigmund casts a spell.
Sigmund flickers and vanishes!
Deactivating autopickup; reactivate with Ctrl-A.
Autopickup is now on.
You now have 218 gold pieces (gained 10).
Something hits you!
* * * LOW HITPOINT WARNING * * *
Deactivating autopickup; reactivate with Ctrl-A.
You see here a scroll of identify.
r - 4 scrolls of identify (gained 1)
Something hits you.
* * * LOW HITPOINT WARNING * * *
Something hits you!
You die...

#.# #{#...####.. # #.#
#.#.......... # #.#
#.#..##############
#.###.#.>..............
#.##........##....##..รท
#.##........# ........
#.##........# ........
#..'........# .....#..
####..@.....# .....#..
.'....$...#..+ .... #..
.####....#_#.# .... ###
.......#..# ...
#.####......# # .....###
#####.# ..


There were no monsters in sight!

Vanquished Creatures
  4 adders
  2 worms (D:2)
  An orc (D:3)
  3 ball pythons
  7 giant cockroaches
  6 goblins
  9 hobgoblins
  7 jackals
  A quokka (D:2)
  A ball python skeleton (D:3)
  9 bats
  3 giant newts (D:1)
  10 kobolds
  12 rats
75 creatures vanquished.

Notes
Turn   | Place    | Note
--------------------------------------------------------------
     0 | D:1      | ithil the Draconian Berserker began the quest for the Orb.
     0 | D:1      | Reached XP level 1. HP: 19/19 MP: 1/1
   100 | D:1      | Reached XP level 2. HP: 23/26 MP: 2/2
   654 | D:1      | Acquired Trog's second power
   709 | D:1      | Reached XP level 3. HP: 29/33 MP: 3/3
   956 | D:2      | Found a shattered altar of Ashenzari.
  1577 | D:2      | Reached XP level 4. HP: 32/40 MP: 4/4
  2319 | D:3      | Reached skill level 4 in Maces & Flails
  2462 | D:3      | Found a deep blue altar of Sif Muna.
  2551 | D:3      | Found a faded altar to an unknown god.
  2598 | D:3      | Noticed Sigmund
  2642 | D:3      | Slain by Sigmund

Vault maps used:
D:1:      grunt_arrival_crossed_arrows
D:2:      overflow_temple_1_default, first_bread
D:3:      ecumenical_altar_1, led_sif_pool, uniq_sigmund

Action                   |  1- 3 |  4- 6 || total
-------------------------+-------+-------++-------
Melee: Mace              |   154 |   104 ||   258
Throw: Stone             |    10 |       ||    10
Invok: Burn Spellbooks   |       |     1 ||     1
  Use: Potion            |     2 |     1 ||     3
       Scroll            |     3 |     1 ||     4
  Eat: Chunk             |     2 |     1 ||     3
       Bread ration      |       |     1 ||     1
